FSL
MIAMI WHALES @ DAYTONA BEACH ISLANDERS
05/27/1982
 
TOP OF THE 1ST
Miami Whales batting - Pitching for Daytona Beach Islanders : LHP Richard Herendeen
Pitching: LHP Richard Herendeen
Batting: SHB Philip Rossi 0-0: Ball
1-0: Ball
2-0: Foul Ball, location: 2F
2-1: Ground out 6-3 (Groundball, 6, EV 83.1 MPH)
Batting: RHB Alex Dominguez 0-0: SINGLE (Groundball, P, EV 85.0 MPH) (infield hit)
Batting: RHB Tom Grant 0-0: Ball
1-0: SINGLE (Groundball, 56D, EV 103.8 MPH)
Alex Dominguez to second
Batting: LHB Lorenzo Bundy 0-0: Foul Ball, location: 2F
0-1: Fielders Choice at 2nd, 2-6 (Groundball, 13S, EV 69.4 MPH)
Alex Dominguez to third
Batting: RHB Ramon Cardenas 0-0: Foul Ball, location: 2F
0-1: Ball
1-1: SINGLE (Groundball, 6MD, EV 105.6 MPH)
Alex Dominguez scores
Lorenzo Bundy to second
Runner from 2nd tries for 3rd, SAFE, throw by CF made to third
Batting: RHB Patrick Rubino 0-0: SINGLE (Groundball, 56D, EV 108.8 MPH)
Lorenzo Bundy scores
Ramon Cardenas to second
Batting: SHB Ramon Alcantara 0-0: Ball
1-0: Fielders Choice at 2nd, U6 (Groundball, 6M, EV 101.9 MPH)
Top of the 1st over - 2 runs, 4 hits, 0 errors, 2 left on base; Miami 2 - Daytona Beach 0
BOTTOM OF THE 1ST
Daytona Beach Islanders batting - Pitching for Miami Whales : LHP Alex Gomez
Pitching: LHP Alex Gomez
Batting: SHB Michael Frierson 0-0: Ball
1-0: Ball
2-0: Called Strike
2-1: SINGLE (Line Drive, 6M, EV 98.8 MPH)
Batting: RHB Kalvin Adams 0-0: Ball
1-0: Fielders Choice at 2nd, 4-6 (Groundball, 4D, EV 103.1 MPH)
Batting: RHB Jeff Rutledge 0-0: Swinging Strike
0-1: Called Strike
0-2: Ball
1-2: Foul Ball, location: 2F
1-2: Strikes out looking
Batting: RHB Columbus Duncan 0-0: Ground out 6-3 (Groundball, 6S, EV 75.6 MPH)
Bottom of the 1st over - 0 runs, 1 hit, 0 errors, 1 left on base; Miami 2 - Daytona Beach 0
TOP OF THE 2ND
Miami Whales batting - Pitching for Daytona Beach Islanders : LHP Richard Herendeen
Batting: RHB Butch Rowe 0-0: Fly out, F8 (Line Drive, 8RM, EV 105.6 MPH)
Batting: RHB Jonathan Cordova 0-0: Ball
1-0: Foul Ball, location: 2F
1-1: Ground out 4-3 (Groundball, 4, EV 86.3 MPH)
Batting: SHB Philip Rossi 0-0: Called Strike
0-1: Ball
1-1: Swinging Strike
1-2: Ground out 5-3 (Groundball, 56S, EV 82.5 MPH)
Top of the 2nd over - 0 runs, 0 hits, 0 errors, 0 left on base; Miami 2 - Daytona Beach 0
BOTTOM OF THE 2ND
Daytona Beach Islanders batting - Pitching for Miami Whales : LHP Alex Gomez
Batting: RHB Steven Roberts 0-0: Ball
1-0: Foul Ball, location: 2F
1-1: Ball
2-1: Ball
3-1: Fly out, F7 (Flyball, 7LS, EV 80.6 MPH)
Batting: LHB Danny Hernandez 0-0: Ball
1-0: Called Strike
1-1: Foul Ball, location: 2F
1-2: Ball
2-2: Ball
3-2: Foul Ball, location: 2F
3-2: Strikes out swinging
Batting: RHB Francisco Gonzalez 0-0: Foul Ball, location: 2F
0-1: Ball
1-1: Ground out 6-3 (Groundball, 56, EV 84.4 MPH)
Bottom of the 2nd over - 0 runs, 0 hits, 0 errors, 0 left on base; Miami 2 - Daytona Beach 0
TOP OF THE 3RD
Miami Whales batting - Pitching for Daytona Beach Islanders : LHP Richard Herendeen
Batting: RHB Alex Dominguez 0-0: Foul Ball, location: 2F
0-1: Ground out 4-3 (Groundball, 4, EV 86.3 MPH)
Batting: RHB Tom Grant 0-0: Ball
1-0: Ball
2-0: Foul Ball, location: 2F
2-1: DOUBLE (Line Drive, 89D, EV 101.9 MPH)
Batting: LHB Lorenzo Bundy 0-0: Swinging Strike
0-1: Ball
1-1: SINGLE (Line Drive, 56D, EV 97.5 MPH)
Tom Grant to third
Batting: RHB Ramon Cardenas 0-0: Ball
1-0: Ball
2-0: Fly out, F8 (Line Drive, 8LD, EV 98.8 MPH)
Runner from 3rd tags up, SCORES, throw by CF
Batting: RHB Patrick Rubino 0-0: Ball
1-0: Ball
2-0: Called Strike
2-1: 2-RUN HOME RUN (Flyball, 7LD, EV 100.0 MPH), Distance : 348 ft
Batting: SHB Ramon Alcantara 0-0: Called Strike
0-1: Ball
1-1: Ball
2-1: Swinging Strike
2-2: Ball
3-2: Ground out 6-3 (Groundball, 4MD, EV 100.0 MPH)
Top of the 3rd over - 3 runs, 3 hits, 0 errors, 0 left on base; Miami 5 - Daytona Beach 0
BOTTOM OF THE 3RD
Daytona Beach Islanders batting - Pitching for Miami Whales : LHP Alex Gomez
Batting: RHB Jeffrey Coker 0-0: SINGLE (Groundball, 6MD, EV 101.3 MPH)
Batting: RHB Robert Whitfield 0-0: Ball
1-0: Called Strike
1-1: Fly out, F7 (Flyball, 7D, EV 105.0 MPH)
Batting: SHB Michael Frierson 0-0: Ball
1-0: Ball
2-0: Ball
3-0: Called Strike
3-1: Base on Balls
Jeffrey Coker to second
Batting: RHB Kalvin Adams 0-0: Ball
1-0: Ball
2-0: Foul Ball, location: 2F
2-1: Fly out, F6 (Popup, 4MS, EV 70.6 MPH)
Batting: RHB Jeff Rutledge 0-0: Ball
1-0: Foul Ball, location: 2F
1-1: Called Strike
1-2: Foul Ball, location: 2F
1-2: Ball
2-2: Foul Ball, location: 2F
2-2: Ball
3-2: Strikes out swinging
Bottom of the 3rd over - 0 runs, 1 hit, 0 errors, 2 left on base; Miami 5 - Daytona Beach 0
TOP OF THE 4TH
Miami Whales batting - Pitching for Daytona Beach Islanders : LHP Richard Herendeen
Batting: RHB Butch Rowe 0-0: Swinging Strike
0-1: Ball
1-1: SINGLE (Groundball, 6MD, EV 105.6 MPH)
Batting: RHB Jonathan Cordova 0-0: Foul Ball, location: 2F
0-1: Fly out, F9 (Flyball, 9LD, EV 91.9 MPH)
Batting: SHB Philip Rossi 0-0: Fly out, F9 (Flyball, 89M, EV 83.1 MPH)
Batting: RHB Alex Dominguez 0-0: Ball
1-0: Foul Ball, location: 2F
1-1: Called Strike
1-2: Ball
2-2: Foul Ball, location: 2F
2-2: Fielders Choice at 2nd, 6-4 (Groundball, 6, EV 93.1 MPH)
Top of the 4th over - 0 runs, 1 hit, 0 errors, 1 left on base; Miami 5 - Daytona Beach 0
BOTTOM OF THE 4TH
Daytona Beach Islanders batting - Pitching for Miami Whales : LHP Alex Gomez
Batting: RHB Columbus Duncan 0-0: Ball
1-0: Ball
2-0: Swinging Strike
2-1: Ball
3-1: Swinging Strike
3-2: Base on Balls
Batting: RHB Steven Roberts 0-0: Foul Ball, location: 2F
0-1: Foul Ball, location: 2F
0-2: Foul Ball, location: 2F
0-2: Fly out, F7 (Flyball, 78S, EV 87.5 MPH)
Batting: LHB Danny Hernandez 0-0: Ball
1-0: Ball
2-0: Called Strike
2-1: Ball
3-1: Base on Balls
Columbus Duncan to second
Batting: RHB Francisco Gonzalez 0-0: Ball
1-0: Foul Ball, location: 2F
1-1: Ball
2-1: Foul Ball, location: 2F
2-2: Foul Ball, location: 2F
2-2: Ball
3-2: Fly out, F6 (Popup, 6M, EV 51.3 MPH)
Batting: RHB Jeffrey Coker 0-0: Foul Ball, location: 2F
0-1: SINGLE (Flyball, 78S, EV 94.4 MPH)
Columbus Duncan to third
Danny Hernandez to second
Runner from 3rd tries for Home, SAFE, throw by LF to home
Batting: RHB Robert Whitfield 0-0: Called Strike
0-1: Ball
1-1: Ball
2-1: Fly out, F7 (Line Drive, 7D, EV 97.5 MPH)
Bottom of the 4th over - 1 run, 1 hit, 0 errors, 2 left on base; Miami 5 - Daytona Beach 1
TOP OF THE 5TH
Miami Whales batting - Pitching for Daytona Beach Islanders : LHP Richard Herendeen
Pitching: RHP Randall Rambis
Batting: RHB Tom Grant 0-0: Called Strike
0-1: Foul Ball, location: 2F
0-2: Ball
1-2: Strikes out swinging
Batting: LHB Lorenzo Bundy 0-0: Called Strike
0-1: Ball
1-1: Ball
2-1: SINGLE (Line Drive, 9S, EV 91.9 MPH)
Batting: RHB Ramon Cardenas 0-0: Ball
1-0: Foul Ball, location: 2F
1-1: Ball
2-1: Called Strike
2-2: Foul Ball, location: 2F
2-2: Grounds into double play, 4-6-3 (Groundball, 4M, EV 86.3 MPH)
Top of the 5th over - 0 runs, 1 hit, 0 errors, 0 left on base; Miami 5 - Daytona Beach 1
BOTTOM OF THE 5TH
Daytona Beach Islanders batting - Pitching for Miami Whales : LHP Alex Gomez
Batting: SHB Michael Frierson 0-0: Foul Ball, location: 2F
0-1: Ball
1-1: Foul Ball, location: 2F
1-2: Ball
2-2: Strikes out swinging, 2-3 out at first.
Batting: RHB Kalvin Adams 0-0: Foul Ball, location: 2F
0-1: Ball
1-1: Foul Ball, location: 2F
1-2: Ball
2-2: Ground out 3-1 (Groundball, 34S, EV 65.0 MPH)
Batting: RHB Jeff Rutledge 0-0: Swinging Strike
0-1: Ground out 6-3 (Groundball, P, EV 82.5 MPH)
Bottom of the 5th over - 0 runs, 0 hits, 0 errors, 0 left on base; Miami 5 - Daytona Beach 1
TOP OF THE 6TH
Miami Whales batting - Pitching for Daytona Beach Islanders : RHP Randall Rambis
Batting: RHB Patrick Rubino 0-0: Fly out, F6 (Popup, 6, EV 73.8 MPH)
Batting: SHB Ramon Alcantara 0-0: Called Strike
0-1: Swinging Strike
0-2: Strikes out swinging
Batting: RHB Butch Rowe 0-0: Called Strike
0-1: Ball
1-1: Ball
2-1: Ball
3-1: Called Strike
3-2: Base on Balls
Batting: RHB Jonathan Cordova 0-0: Ball
1-0: Called Strike
1-1: Called Strike
1-2: Strikes out swinging
Top of the 6th over - 0 runs, 0 hits, 0 errors, 1 left on base; Miami 5 - Daytona Beach 1
BOTTOM OF THE 6TH
Daytona Beach Islanders batting - Pitching for Miami Whales : LHP Alex Gomez
Batting: RHB Columbus Duncan 0-0: Called Strike
0-1: Foul Ball, location: 2F
0-2: Ball
1-2: Strikes out swinging
Batting: RHB Steven Roberts 0-0: Foul Ball, location: 2F
0-1: Called Strike
0-2: Foul Ball, location: 2F
0-2: Strikes out looking
Batting: LHB Danny Hernandez 0-0: Swinging Strike
0-1: Fly out, F9 (Line Drive, 9, EV 95.6 MPH)
Bottom of the 6th over - 0 runs, 0 hits, 0 errors, 0 left on base; Miami 5 - Daytona Beach 1
TOP OF THE 7TH
Miami Whales batting - Pitching for Daytona Beach Islanders : RHP Randall Rambis
Batting: SHB Philip Rossi 0-0: Called Strike
0-1: Ball
1-1: Called Strike
1-2: Ground out U3 (Groundball, 3, EV 80.6 MPH)
Batting: RHB Alex Dominguez 0-0: Ball
1-0: Called Strike
1-1: Ball
2-1: Fly out, F9 (Flyball, 9LM, EV 73.1 MPH)
Batting: RHB Tom Grant 0-0: Ball
1-0: Ball
2-0: Called Strike
2-1: Ball
3-1: Base on Balls
Pitching: RHP Michael Rostas
Batting: LHB Lorenzo Bundy 0-0: Ball
1-0: Foul Ball, location: 2F
1-1: Fielders Choice at 2nd, 5-4 (Groundball, 56, EV 86.3 MPH)
Top of the 7th over - 0 runs, 0 hits, 0 errors, 1 left on base; Miami 5 - Daytona Beach 1
BOTTOM OF THE 7TH
Daytona Beach Islanders batting - Pitching for Miami Whales : LHP Alex Gomez
Batting: RHB Francisco Gonzalez 0-0: Ball
1-0: Swinging Strike
1-1: Ground out 4-3 (Groundball, 4, EV 85.6 MPH)
Batting: RHB Jeffrey Coker 0-0: Called Strike
0-1: Ball
1-1: Foul Ball, location: 2F
1-2: Foul Ball, location: 2F
1-2: Ground out U3 (Groundball, 34, EV 106.3 MPH)
Batting: RHB Robert Whitfield 0-0: Foul Ball, location: 2F
0-1: Foul Ball, location: 2F
0-2: Fly out, F8 (Flyball, 8LM, EV 84.4 MPH)
Bottom of the 7th over - 0 runs, 0 hits, 0 errors, 0 left on base; Miami 5 - Daytona Beach 1
TOP OF THE 8TH
Miami Whales batting - Pitching for Daytona Beach Islanders : RHP Michael Rostas
Batting: RHB Ramon Cardenas 0-0: Ball
1-0: Ball
2-0: Ball
3-0: Called Strike
3-1: Base on Balls
Batting: RHB Patrick Rubino 0-0: Ball
1-0: Swinging Strike
1-1: Foul Ball, location: 2F
1-2: Ball
2-2: Ball
3-2: Base on Balls
Ramon Cardenas to second
Batting: SHB Ramon Alcantara 0-0: Ball
1-0: Ball
2-0: Ball
3-0: Base on Balls
Ramon Cardenas to third
Patrick Rubino to second
Batting: RHB Butch Rowe 0-0: Ball
Wild Pitch!
Ramon Cardenas scores
Patrick Rubino to third
Ramon Alcantara to second
1-0: Ball
2-0: Called Strike
2-1: Foul Ball, location: 2F
2-2: Foul Ball, location: 2F
2-2: Foul Ball, location: 2F
2-2: Strikes out swinging
Batting: RHB Jonathan Cordova 0-0: Swinging Strike
0-1: Fly out, F7 (Flyball, 7S, EV 79.4 MPH)
Batting: SHB Philip Rossi 0-0: SINGLE (Groundball, 6MD, EV 106.3 MPH)
Patrick Rubino scores
Ramon Alcantara to third
Runner from 3rd tries for Home, SAFE, throw by CF to home
Pinch Hitting: LHB Brad Garnett 0-0: Foul Ball, location: 2F
0-1: Foul Ball, location: 2F
0-2: Foul Ball, location: 2F
0-2: Ball
Philip Rossi steals 2nd, throwing error, E2
Philip Rossi to third
1-2: Fly out, F6 (Flyball, 56D, EV 88.8 MPH)
Top of the 8th over - 3 runs, 1 hit, 1 error, 1 left on base; Miami 8 - Daytona Beach 1
BOTTOM OF THE 8TH
Daytona Beach Islanders batting - Pitching for Miami Whales : LHP Alex Gomez
Now at 1B: Brad Garnett
Pinch Hitting: LHB Roger Lee 0-0: Foul Ball, location: 2F
0-1: Ground out 1-3 (Groundball, 34S, EV 75.0 MPH)
Batting: RHB Kalvin Adams 0-0: Called Strike
0-1: Ball
1-1: Foul Ball, location: 2F
1-2: Foul Ball, location: 2F
1-2: Ball
2-2: Strikes out swinging
Batting: RHB Jeff Rutledge 0-0: Ball
1-0: Called Strike
1-1: SINGLE (Groundball, 6MD, EV 103.8 MPH)
Pinch Hitting: RHB Don Stricklen 0-0: Ball
1-0: SINGLE (Groundball, 4D, EV 95.0 MPH)
Jeff Rutledge to second
Batting: RHB Steven Roberts 0-0: Called Strike
0-1: Ball
1-1: Ball
2-1: SINGLE (Groundball, 56D, EV 96.9 MPH)
Jeff Rutledge to third
Don Stricklen to second
Runner from 3rd tries for Home, SAFE, throw by LF to home
Batting: LHB Danny Hernandez 0-0: Called Strike
0-1: Ball
1-1: Foul Ball, location: 2F
1-2: Fly out, F8 (Flyball, 8RS, EV 92.5 MPH)
Bottom of the 8th over - 1 run, 3 hits, 0 errors, 2 left on base; Miami 8 - Daytona Beach 2
TOP OF THE 9TH
Miami Whales batting - Pitching for Daytona Beach Islanders : RHP Michael Rostas
Now at 1B: Tarry Boelter
Now in LF: Roger Lee
Batting: RHB Tom Grant 0-0: Ball
1-0: TRIPLE (Flyball, 78XD, EV 106.9 MPH)
Batting: LHB Lorenzo Bundy 0-0: Called Strike
0-1: Ball
1-1: Swinging Strike
1-2: Ground out 4-3 (Groundball, 4S, EV 82.5 MPH)
Tom Grant scores
Batting: RHB Ramon Cardenas 0-0: Ball
1-0: Ball
2-0: Called Strike
2-1: Foul Ball, location: 2F
2-2: Strikes out swinging
Batting: RHB Patrick Rubino 0-0: Ball
1-0: Ball
2-0: Foul Ball, location: 2F
2-1: Ball
3-1: Base on Balls
Batting: SHB Ramon Alcantara 0-0: Called Strike
0-1: Ball
1-1: Foul Ball, location: 2F
1-2: Ball
2-2: Foul Ball, location: 2F
2-2: Ball
3-2: Ground out 4-3 (Groundball, 4, EV 81.3 MPH)
Top of the 9th over - 1 run, 1 hit, 0 errors, 1 left on base; Miami 9 - Daytona Beach 2
BOTTOM OF THE 9TH
Daytona Beach Islanders batting - Pitching for Miami Whales : LHP Alex Gomez
Batting: RHB Francisco Gonzalez 0-0: Called Strike
0-1: Fly out, F3 (Popup, 3SF, EV 75.6 MPH)
Batting: RHB Jeffrey Coker 0-0: Ball
1-0: Fly out, F7 (Flyball, 7, EV 81.9 MPH)
Batting: RHB Robert Whitfield 0-0: Foul Ball, location: 2F
0-1: Ball
1-1: Ball
2-1: Foul Ball, location: 2F
2-2: Fly out, F7 (Flyball, 7LS, EV 79.4 MPH)
Bottom of the 9th over - 0 runs, 0 hits, 0 errors, 0 left on base; Miami 9 - Daytona Beach 2
Monday, August 3rd, 2020 - OOTP Baseball 21.5 Build 76